 Dungeon Crawl Stone Soup version 0.21-a0-525-ga34b322 (webtiles) character file.

1044 solxrula the Cudgeler (level 8, -1/78 HPs)
             Began as a Troll Berserker on Dec 7, 2017.
             Was a Priest of Trog.
             Slain by senyk's ghost (23 damage)
             ... on level 5 of the Dungeon on Dec 8, 2017.
             The game lasted 00:15:05 (3339 turns).

solxrula the Cudgeler (Troll Berserker)             Turns: 3339, Time: 00:15:06

Health: -1/78      AC:  6    Str: 28    XL:     8   Next: 4%
Magic:  7/7        EV: 11    Int:  3    God:    Trog [***...]
Gold:   176        SH:  0    Dex:  9    Spells: 7/7 levels left

rFire    . . .     SeeInvis .   i - +3 dire flail (protect)
rCold    . . .     Gourm    +   (shield currently unavailable)
rNeg     . . .     Faith    .   b - +1 animal skin
rPois    .         Spirit   .   (helmet restricted)
rElec    .         Reflect  .   (no cloak)
rCorr    .         Harm     .   (gloves unavailable)
MR       .....                  (boots unavailable)
Stlth    +.........             (no amulet)
HPRegen  0.63/turn              (no ring)
MPRegen  0.10/turn              (no ring)

@: berserk cooldown, slowed, very slow
A: large, unfitting armour, claws 3, fast metabolism 3, gourmand, regeneration
1, shaggy fur 1, tough skin 2
a: Berserk, Trog's Hand, Burn Spellbooks, Renounce Religion


You were on level 5 of the Dungeon.
You worshipped Trog.
Trog was most pleased with you.
You were not hungry.

You visited 1 branch of the dungeon, and saw 5 of its levels.

You collected 176 gold pieces.

Inventory:

Hand Weapons
 a - a +0 mace
 i - a +3 dire flail of protection (weapon)
Armour
 b - a +1 animal skin (worn)
Wands
 k - a wand of clouds (3)
Scrolls
 d - 2 scrolls of identify
 g - 2 scrolls of remove curse
 h - 2 scrolls of magic mapping
 m - a scroll of teleportation
 p - a scroll of enchant weapon {unknown}
Potions
 e - a potion of agility
 j - a potion of might
 n - a potion of berserk rage {unknown}
Books
 l - a book of Maledictions

   Spells                             Type                      Level
   a - Corona                         Hexes                        1
   b - Ensorcelled Hibernation        Hexes/Ice                    2
   c - Confuse                        Hexes                        3
   d - Tukima's Dance                 Hexes                        3
   e - Dazzling Spray                 Conjuration/Hexes            3
   Trog disapproves of the use of such an item.
Comestibles
 c - 5 bread rations
 o - a meat ration


   Skills:
 + Level 3.8 Fighting
 * Level 7.5 Maces & Flails
 + Level 3.9 Dodging
 + Level 0.3 Stealth


You had 7 spell levels left.
You didn't know any spells.

Dungeon Overview and Level Annotations

Branches:
Dungeon (5/15)
 Temple: D:4-7

Altars:
Elyvilon
Trog

Annotations:
D:5 senyk's ghost, novice FoFi


Innate Abilities, Weirdness & Mutations

You are too large for most types of armour.
You have claws for hands.
Your metabolism is lightning-fast.
You like to eat raw meat.
Your natural rate of healing is unusually fast.
You are covered in fur. (AC +1)
You have very tough skin. (AC +2)


Message History

You closely miss senyk's ghost.
Senyk's ghost is severely damaged.
Senyk's ghost hits you!
You feel a strong urge to attack something.
You are no longer berserk.
You are exhausted.
You feel yourself slow down.
You completely miss senyk's ghost.
Senyk's ghost is severely damaged.
Senyk's ghost misses you.
You barely miss senyk's ghost.
Senyk's ghost is severely damaged.
Senyk's ghost hits you!
* * * LOW HITPOINT WARNING * * *
Senyk's ghost hits you.
* * * LOW HITPOINT WARNING * * *
Senyk's ghost closely misses you.
Senyk's ghost hits you but does no damage.
Senyk's ghost hits you!!
You die...

..)......##### ##
###........... .. #
#..#...#### ##.##
#..#...######...#
#..#..........#..
#..##.####.##...#
#..##.# #.###.##
#..##.####..##.###.#
#..#.§.≈.≈.≈§§@≈...#
###...≈...≈..§≈§W.§.(#
.....≈§≈.≈.≈.≈§§.≈.≈(...
####....≈§..≈...§....###
§≈.§.≈.§.≈.≈.≈##
≈...≈...≈...§...
.≈.≈§§.§.≈.≈.§###
.≈...§...≈...#
.§§≈§§.§!≈.≈.


You could see senyk's ghost.

Vanquished Creatures
  Grinder (D:4)
  Sigmund (D:5)
  Edmund (D:5)
  An ogre (D:3)
  A phantom (D:5)
  A bullfrog (D:3)
  A scorpion (D:4)
  A crimson imp (D:5)
  A hound (D:4)
  A centaur skeleton (D:5)
  Robin (D:3)
  3 gnolls (D:4)
  6 adders
  A howler monkey skeleton (D:5)
  A worm (D:4)
  2 dart slugs
  4 leopard geckos
  6 orcs
  6 bats
  A giant cockroach (D:4)
  18 goblins
  5 hobgoblins
  3 jackals (D:2)
  3 quokkas (D:4)
  4 ball pythons
  3 frilled lizards
  2 kobolds
  11 rats
90 creatures vanquished.

Notes
Turn   | Place    | Note
-------+----------+-------------------------------------------
     0 | D:1      | solxrula the Troll Berserker began the quest for the Orb.
     0 | D:1      | Reached XP level 1. HP: 22/22 MP: 0/0
   275 | D:1      | Reached XP level 2. HP: 28/29 MP: 1/1
   386 | D:1      | Reached skill level 3 in Maces & Flails
   994 | D:2      | Reached XP level 3. HP: 36/36 MP: 2/2
  1176 | D:2      | Reached ** piety under Trog
  1301 | D:2      | Found a faded altar of an unknown god.
  1386 | D:2      | Found a white marble altar of Elyvilon.
  1459 | D:3      | Noticed a bullfrog
  1474 | D:3      | Killed a bullfrog
  1474 | D:3      | Reached skill level 4 in Maces & Flails
  1474 | D:3      | Reached XP level 4. HP: 31/45 MP: 3/3
  1501 | D:3      | Noticed an ogre
  1510 | D:3      | Killed an ogre
  1510 | D:3      | Reached XP level 5. HP: 53/53 MP: 4/4
  1634 | D:3      | Reached skill level 5 in Maces & Flails
  1714 | D:3      | Noticed Robin
  1722 | D:3      | Killed Robin
  2293 | D:4      | Reached XP level 6. HP: 61/61 MP: 5/5
  2437 | D:4      | Reached *** piety under Trog
  2713 | D:4      | Noticed Grinder
  2755 | D:4      | Killed Grinder
  2755 | D:4      | Reached skill level 6 in Maces & Flails
  2755 | D:4      | Reached XP level 7. HP: 28/67 MP: 6/6
  2975 | D:5      | Entered Level 5 of the Dungeon
  2989 | D:5      | Noticed Edmund
  3011 | D:5      | Killed Edmund
  3157 | D:5      | Reached skill level 7 in Maces & Flails
  3164 | D:5      | Found a white marble altar of Elyvilon.
  3243 | D:5      | Found a bloodstained altar of Trog.
  3258 | D:5      | Noticed Sigmund
  3277 | D:5      | Killed Sigmund
  3277 | D:5      | Reached XP level 8. HP: 76/78 MP: 7/7
  3316 | D:5      | Noticed senyk's ghost (novice FoFi)
  3339 | D:5      | Slain by senyk's ghost

Vault maps used:
D:1:      dpeg_arrival_boxes_within_box
D:2:      lemuel_coloured_pillars_altar, chequers_ecumenical_altar_island
D:3:      serial_bayou_lagoon_a, uniq_robin
D:4:      first_bread, uniq_grinder
D:5:      lightli_temple_of_fire, lemuel_crystal_altar, temple_statues,
          kennysheep_crisscross, elyvilon_altar_3, uniq_sigmund, uniq_edmund

Skill      XL: |  1  2  3  4  5  6  7 |
---------------+----------------------+-----
Maces & Flails | 3 4 5 6 7 |  7.5
Fighting       | 3 |  3.8
Dodging        | 3 |  3.9
Stealth        | |  0.3

Action                   |  1- 3 |  4- 6 |  7- 9 || total
-------------------------+-------+-------+-------++-------
Melee: Mace              |   104 |   185 |    34 ||   323
       Dire flail        |       |       |    38 ||    38
Invok: Berserk           |       |     3 |     2 ||     5
Evoke: Wand              |       |       |     2 ||     2
  Use: Scroll            |     4 |     5 |     3 ||    12
       Potion            |     2 |     1 |     2 ||     5
  Eat: Chunk             |    18 |    12 |       ||    30
       Bread ration      |       |       |     1 ||     1
Armor: Animal skin       |    38 |    48 |    14 ||   100
Dodge: Dodged            |    70 |    82 |    19 ||   171

Table legend:
 A = Spawn XP
 B = Non-spawn XP
 C = Spawn XP percentage of total XP
 D = Spawn monster count
 E = Non-spawn monster count
 F = Spawn count percentage of total count
 G = Total turns spent on level
                    A         B        C        D         E        F      G
               +---------+---------+-------+---------+---------+-------+---------
         Total |       0 |    1492 |   0.0 |       0 |      90 |   0.0 |  3339
               +---------+---------+-------+---------+---------+-------+---------
           D:1 |       0 |      27 |   0.0 |       0 |      18 |   0.0 |   795
           D:2 |       0 |      42 |   0.0 |       0 |      17 |   0.0 |   661
           D:3 |       0 |     279 |   0.0 |       0 |      23 |   0.0 |   625
           D:4 |       0 |     522 |   0.0 |       0 |      25 |   0.0 |   894
           D:5 |       0 |     622 |   0.0 |       0 |       7 |   0.0 |   364
               +---------+---------+-------+---------+---------+-------+---------
